AoeStats
← anonim

Arena

509498271Analyzed
4v4 RM · 5d ago on Sep 27, 2026· 31m 5s· 8 players
Game mode
Random Map
Map size
Large (8 player)
Population
200
Speed
Normal
Resources
Standard
Victory
Conquest
Starting age
Dark Age
Ending age
Imperial Age
RankedLock teamsTeams togetherTeam positionsShared explorationLock speedFull tech treeHidden civsTurbo modeCheats
Victory
Defeat
🇨🇱 Portuguese · Chile
1165
+17
🇨🇱 Persians · Chile
1154
+17
🇨🇱 Spanish · Chile
1142
+18
🇨🇱 Franks · Chile
1110
+19
🇲🇽 Mongols · Mexico
1202
-19
🇧🇷 Vikings · Brazil
1186
-18
🇺🇸 Japanese · United States
1167
-17
🇨🇱 Turks · Chile
1163
-17
Rett Mikhal
3:06 Loom
11:14 Feudal Age
12:44 Wheelbarrow
12:15 Double-Bit Axe
12:30 Man-at-Arms
15:29 Horse Collar
16:31 Stone Mining
16:46 Arson
22:28 Castle Age
21:11 Gold Mining
21:14 Fletching
21:53 Scale Mail Armor
22:36 Padded Archer Armor
23:17 Bodkin Arrow
23:49 Bow Saw
24:18 Chain Mail Armor
25:54 Fortified Wall
27:45 Hand Cart
29:08 Heavy Plow
Megatron2002
0:29 Loom
12:03 Feudal Age
16:22 Castle Age
16:01 Double-Bit Axe
16:36 Horse Collar
18:33 Bow Saw
20:12 Wheelbarrow
20:30 Heavy Plow
24:13 Fletching
24:50 Stone Mining
24:51 Gold Mining
26:30 Husbandry
31:41 Imperial Age
29:44 Bloodlines
Sir bacardi
11:00 Feudal Age
11:41 Feudal Age
12:55 Feudal Age
13:36 Double-Bit Axe
13:32 Horse Collar
16:31 Castle Age
18:09 Bow Saw
20:50 Imperial Age
19:03 Heavy Plow
19:16 Bow Saw
20:20 Loom
21:38 Padded Archer Armor
Lord Housedrick
7:17 Loom
10:51 Feudal Age
12:22 Double-Bit Axe
17:01 Castle Age
16:21 Horse Collar
18:10 Bow Saw
18:32 Town Watch
20:55 Heavy Plow
22:45 Squires
22:47 Scale Mail Armor
22:58 Forging
23:48 Gold Mining
23:51 Stone Mining
26:50 Chain Mail Armor
27:46 Chain Mail Armor
28:07 Iron Casting
31:19 Imperial Age
anonim
12:04 Feudal Age
16:28 Castle Age
14:15 Loom
16:31 Castle Age
14:20 Loom
16:42 Double-Bit Axe
17:44 Bow Saw
17:37 Gold Mining
19:57 Gold Shaft Mining
25:18 Wheelbarrow
30:59 Hand Cart
PACS ._.
4:48 Loom
11:50 Feudal Age
16:10 Castle Age
16:32 Bloodlines
26:20 Scale Barding Armor
28:22 Forging
Nico
11:34 Feudal Age
15:30 Castle Age
15:45 Double-Bit Axe
15:42 Horse Collar
22:05 Padded Archer Armor
28:56 Imperial Age
28:03 Redemption
29:28 Husbandry
29:38 Bloodlines
MigueMigue
11:26 Feudal Age
15:47 Castle Age
21:36 Horse Collar
22:05 Double-Bit Axe
22:35 Gold Mining
27:40 Imperial Age
27:41 Bow Saw
28:09 Wheelbarrow
29:29 Chemistry
31:22 Loom
31:56 Hand Cart
Connection lost

Rejoining the realm…

Still unreachable

The connection could not be restored.

Session expired

The server has moved on; the page needs a fresh start.